 Dungeon Crawl Stone Soup version 0.30.0-29-ga12c61a403 (webtiles) character file.

Game seed: 15186521473154435634

13 javelincjr the Chopper (level 2, 0/27 HPs)
             Began as a Minotaur Berserker on June 12, 2023.
             Was a Follower of Trog.
             Slain by a gnoll
             ... wielding a +0 spear
              (4 damage)
             ... on level 2 of the Dungeon.
             The game lasted 00:01:50 (767 turns).

javelincjr the Chopper (Minotaur Berserker)          Turns: 767, Time: 00:01:51

Health: 0/27       AC:  2    Str: 21    XL:     2   Next: 24%
Magic:  1/1        EV: 12    Int:  4    God:    Trog [*.....]
Gold:   64         SH:  0    Dex:  9    Spells: 1/1 levels left

rFire   . . .        g - +2 dagger (venom)
rCold   . . .        (no shield)
rNeg    . . .        b - +0 animal skin
rPois   .            (helmet restricted)
rElec   .            (no cloak)
rCorr   .            (no gloves)
SInv    .            (no boots)
Will    .....        (no amulet)
Stlth   +            (no ring)
HPRegen 0.24/turn    (no ring)
MPRegen 0.07/turn

%: no passive effects
@: no status effects
A: horns 2, retaliatory headbutt
a: Renounce Religion, Berserk


You were on level 2 of the Dungeon.
You worshipped Trog.
Trog was aware of your devotion.
You visited 1 branch of the dungeon, and saw 2 of its levels.

You collected 64 gold pieces.

Inventory:

Hand Weapons
 a - a +0 hand axe
 g - a +2 dagger of venom (weapon)
Armour
 b - a +0 animal skin (worn)
Scrolls
 c - a scroll of enchant armour {unknown}
 m - a scroll of identify {unknown}
Potions
 d - a potion of attraction {unknown}
 e - 2 potions of brilliance {unknown}
 f - a potion of curing {unknown}
 h - a potion of lignification {unknown}
 i - a potion of might {unknown}
 j - a potion of ambrosia {unknown}
 k - a potion of invisibility {unknown}
 l - a potion of cancellation {unknown}


   Skills:
 + Level 3.9 Fighting
 + Level 3.9 Axes
 + Level 2.7 Armour
 + Level 2.4 Dodging


You had one spell level left.
You didn't know any spells.
Your spell library was empty.

Dungeon Overview and Level Annotations

Branches:
Dungeon (2/15)

Altars:


Innate Abilities, Weirdness & Mutations

You have a pair of horns on your head.
You reflexively headbutt those who attack you in melee.


Message History

The hobgoblin is almost dead.
The hobgoblin barely misses you.
You hit the hobgoblin but do no damage.
The hobgoblin looks as sick as possible!
The hobgoblin is almost dead.
You kill the hobgoblin!
Trog accepts your kill.
l - a yellow potion
Found a stone staircase leading down.
There is a stone staircase leading down here.
Found a stone staircase leading down.
m - a scroll labelled ECIUB RUHIFADAKKU
There is a stone staircase leading down here.
You see here a +0 hand axe.
There is an open door here.
There is an open door here.
You see here 5 stones.
You see here a +0 rapier.
Done exploring.
Done exploring.
Search for what [? for help]? .
There is a stone staircase leading down here.
You climb downwards.
The gnoll shouts! x3
Found 10 gold pieces.
There is a stone staircase leading up here.
Nothing quivered!
A quokka comes into view.
The gnoll misses you. The gnoll hits you with a +0 spear.
The gnoll hits you with a +0 club.
You hit the gnoll.
The gnoll is poisoned.
The gnoll is lightly wounded.
The gnoll closely misses you. The gnoll hits you with a +0 club.
The gnoll hits you with a +0 spear.
You are too injured to fight recklessly!
You are too injured to fight recklessly!
The gnoll attacks as you move away! The gnoll hits you with a +0 club!
* * * LOW HITPOINT WARNING * * *
The gnoll attacks as you move away! The gnoll hits you with a +0 spear.
You die...

####
.r...#####
.....g...###
......g@..<#
......g..###
.....#####
####


You could see 3 gnolls and a quokka.

Vanquished Creatures
  2 ball pythons (D:1)
  2 endoplasms (D:1)
  A giant cockroach (D:1)
  3 goblins (D:1)
  2 hobgoblins (D:1)
10 creatures vanquished.

Notes
Turn   | Place    | Note
-------+----------+-------------------------------------------
     0 | D:1      | javelincjr the Minotaur Berserker began the quest for the
                  | Orb.
     0 | D:1      | Reached XP level 1. HP: 19/19 MP: 0/0
   234 | D:1      | Reached XP level 2. HP: 24/27 MP: 1/1
   767 | D:2      | Slain by a gnoll

Illustrated notes

Levels and vault maps discovered:
D:1:      dpeg_arrival_solitude, layout_loops_ring, minmay_pentomino_x2
D:2:      layout_basic, basic_altar

Action                     || total
---------------------------++-------
  Melee: Hand axe          ||     8
         Dagger            ||    14
         Headbutt          ||     2
  Throw: Stone             ||     3
 Armour: Animal skin       ||     3
  Dodge: Dodged            ||    14
